 Dungeon Crawl Stone Soup version 0.28-a0-80-g9707f7362f (webtiles) character file.

Game seed: 3437049639631361182

227 magicbymccauley the Slasher (level 5, -1/47 HPs)
             Began as a Minotaur Berserker on Aug 6, 2021.
             Was a Believer of Trog.
             Succumbed to a scorpion's poison
             ... on level 3 of the Dungeon.
             The game lasted 00:09:40 (3097 turns).

magicbymccauley the Slasher (Minotaur Berserker)    Turns: 3097, Time: 00:09:40

Health: -1/47      AC: 10    Str: 22    XL:     5   Next: 70%
Magic:  4/4        EV:  8    Int:  4    God:    Trog [**....]
Gold:   144        SH:  0    Dex: 10    Spells: 4/4 levels left

rFire   . . .      SeeInvis .   a - +0 falchion
rCold   . . .      Faith    .   (no shield)
rNeg    . . .      Spirit   .   r - +0 chain mail
rPois   .          Reflect  .   (helmet restricted)
rElec   .          Harm     .   (no cloak)
rCorr   .          Rampage  .   k - +0 pair of gloves
Will    .....                   (no boots)
Stlth   ..........              (no amulet)
HPRegen 0.15/turn               (no ring)
MPRegen 0.09/turn               (no ring)

@: lethally poisoned (-1 -> -17)
A: horns 2, retaliatory headbutt
a: Renounce Religion, Berserk, Trog's Hand


You were on level 3 of the Dungeon.
You worshipped Trog.
Trog was pleased with you.
You visited 1 branch of the dungeon, and saw 4 of its levels.

You collected 144 gold pieces.

Inventory:

Hand Weapons
 a - a +0 falchion (weapon)
 g - a +0 dagger of distortion
Missiles
 j - 29 arrows
Armour
 k - a +0 pair of gloves (worn)
 r - a +0 chain mail (worn)
Scrolls
 e - 5 scrolls of identify {unknown}
 f - 2 scrolls of vulnerability {unknown}
 p - a scroll of enchant weapon {unknown}
 q - a scroll of teleportation {unknown}
Potions
 b - a potion of ambrosia {unknown}
 c - a potion of haste {unknown}
 d - 3 potions of berserk rage {unknown}
 h - 2 potions of curing {unknown}
 l - a potion of resistance {unknown}
 m - a potion of degeneration {unknown}
 n - a potion of invisibility {unknown}
 o - a potion of heal wounds {unknown}


   Skills:
 + Level 4.6 Fighting
 + Level 5.7 Long Blades
 + Level 4.1 Armour
 + Level 2.7 Dodging
 + Level 1.1 Stealth


You had 4 spell levels left.
You didn't know any spells.
Your spell library was empty.

Dungeon Overview and Level Annotations

Branches:
Dungeon (4/15)
 Temple: D:4-7

Altars:
Ashenzari
Kikubaaqudgha


Innate Abilities, Weirdness & Mutations

You have a pair of horns on your head.
You reflexively headbutt those who attack you in melee.


Message History

Your Armour skill increases to level 4!
Your Stealth skill increases to level 1!
A scorpion comes into view.
You see here a +0 giant club.
There is a stone staircase leading up, spattered with blood here.
You hit the scorpion but do no damage.
The scorpion stings you but does no damage.
The scorpion stings you.
You are poisoned.
The scorpion poisons you!
You barely miss the scorpion.
You feel very sick. The scorpion barely misses you. You furiously retaliate!
You headbutt the scorpion!
Your chain mail prevents you from hitting the scorpion.
The scorpion is severely wounded.
You feel very sick. The scorpion barely misses you.
You closely miss the scorpion.
The scorpion is severely wounded.
You feel sick. The scorpion closely misses you.
You riposte.
You hit the scorpion.
The scorpion is severely wounded.
You barely miss the scorpion.
You headbutt the scorpion, but do no damage.
The scorpion is severely wounded.
You feel sick. The scorpion stings you.
* * * LOW HITPOINT WARNING * * *
You are more poisoned.
The scorpion poisons you!
* * * LOW HITPOINT WARNING * * *
You feel very sick. The scorpion stings you.
* * * LOW HITPOINT WARNING * * *
The scorpion stings you.
* * * LOW HITPOINT WARNING * * *
You are more poisoned.
The scorpion poisons you!
You climb upwards.
You die...

#.#..≈≈≈≈≈..# #.#
######.#.≈....≈..# #.#
....##.#._.....⌠.# #.#
....#..#....##...###########.#
.......########............#.#
....##...........#########.#.#
....#######.###..####### #.#.#
#.### #.# #.s......# #.#.#
<...# #.# ##@#####.# #.#.#
###.# ##.## #.# #.# #.#.# #.#
##...###.# #.# #.#.# #.#
#.....##.# ##.###.#.# ###.#
#.....##.####...##.#.# ....#
#.....##...........#.# #####
##...#######.†...##..# ###
###.# #.....##.##
..##########.# ##...###.#


You could see a scorpion.

Vanquished Creatures
  An ogre (D:4)
  Terence (D:3)
  2 orc wizards (D:3)
  An adder (D:3)
  3 dart slugs
  3 orcs (D:3)
  3 ball pythons
  A bat (D:1)
  10 endoplasms
  3 giant cockroaches
  A goblin (D:1)
  4 hobgoblins
  3 jackals (D:3)
  A quokka (D:4)
  2 frilled lizards
  5 kobolds
  4 rats
48 creatures vanquished.

Notes
Turn   | Place    | Note
-------+----------+-------------------------------------------
     0 | D:1      | magicbymccauley the Minotaur Berserker began the quest for
                  | the Orb.
     0 | D:1      | Reached XP level 1. HP: 19/19 MP: 0/0
   122 | D:1      | Found a faded altar of an unknown god.
   346 | D:1      | Reached XP level 2. HP: 26/27 MP: 1/1
   374 | D:1      | Reached skill level 4 in Long Blades
  1170 | D:2      | Reached XP level 3. HP: 28/33 MP: 2/2
  2036 | D:3      | Found an ancient bone altar of Kikubaaqudgha.
  2282 | D:3      | Noticed Terence
  2299 | D:3      | Killed Terence
  2299 | D:3      | Reached ** piety under Trog
  2300 | D:3      | Reached XP level 4. HP: 40/40 MP: 3/3
  2495 | D:3      | Reached skill level 5 in Long Blades
  2552 | D:3      | Found a broken altar of Ashenzari.
  2706 | D:3      | Reached XP level 5. HP: 42/47 MP: 4/4
  3077 | D:4      | Noticed an ogre
  3084 | D:4      | Killed an ogre
  3085 | D:4      | Reached skill level 1 in Stealth
  3097 | D:3      | Succumbed to a scorpion's poison

Illustrated notes

Levels and vault maps discovered:
D:1:      matt_arrival_refuge, layout_loops_ring,
          dreamdust_ecumenical_altar_angels_and_demons
D:2:      layout_basic, hangedman_abyss_or_decor_lesser_grid,
          serial_park_tiny_pond, nrook_mini_vaults
D:3:      layout_loops_ring, kiku_gazebo_pond_becter, lemuel_doored_altar,
          uniq_terence
D:4:      layout_cave_pools, dk_noncrumbling_2, uniq_natasha

Skill      XL: |  1  2  3  4  5 |
---------------+----------------+-----
Long Blades    | 4 5 |  5.7
Fighting       | 4 |  4.6
Armour         | 3 4 |  4.1
Stealth        | 1 |  1.1
Dodging        | |  2.7

Action                   |  1- 3 |  4- 6 || total
-------------------------+-------+-------++-------
Melee: Falchion          |    54 |    49 ||   103
       Headbutt          |    13 |     7 ||    20
Invok: Berserk           |     1 |       ||     1
       Trog's Hand       |       |     1 ||     1
Armor: Animal skin       |     4 |       ||     4
       Ring mail         |    11 |       ||    11
       Chain mail        |       |    21 ||    21
Dodge: Dodged            |    38 |    10 ||    48
       Rpst.: Falchion   |    13 |     1 ||    14

Table legend: (Time is in decaauts)
 A = Elapsed time spent in this place.
 B = Non-inter-level travel time spent in this place.
 C = Inter-level travel time spent in this place.
 D = Time resting spent in this place.
 E = Time spent auto-exploring this place.
 F = Levels seen in this place.
 G = Mean time per level.
                   A        B        C        D        E       F      G
               +--------+--------+--------+--------+--------+-----+--------+
         Total |   3116 |   3116 |      0 |    391 |    412 |   4 |  779.0 |
       Dungeon |   3116 |   3116 |      0 |    391 |    412 |   4 |  779.0 |
               +--------+--------+--------+--------+--------+-----+--------+

Top non-repeatable levels by time:
     D:3: 1184 daAuts
     D:1: 1098 daAuts
     D:2: 814 daAuts
     D:4: 19 daAuts
